 Dungeon Crawl Stone Soup version 0.28-a0-511-gcc94558de3 (webtiles) character file.

Game seed: 15137754705859032284

189 Woods the Magician (level 6, -7/40 HPs)
             Began as a Djinni Fire Elementalist on Sept 21, 2021.
             Mangled by a wyvern (15 damage)
             ... on level 4 of the Dungeon.
             The game lasted 00:06:16 (3178 turns).

Woods the Magician (Djinni Fire Elementalist)       Turns: 3178, Time: 00:06:17

Health: -7/40      AC:  2    Str: 13    XL:     6   Next: 0%
Gold:   164        EV: 12    Int: 19    God:
                   SH:  0    Dex: 13

rFire   + + .      SeeInvis .   (no weapon)
rCold   x . .      Faith    .   (no shield)
rNeg    . . .      Spirit   .   a - +0 robe
rPois   ∞          Reflect  .   (no helmet)
rElec   .          Harm     .   (no cloak)
rCorr   .          Rampage  .   (no gloves)
Will    .....                   (boots unavailable)
Stlth   ++........              (no amulet)
HPRegen 0.13/turn               c - +6 ring of strength
MPRegen 0.00/turn               (no ring)

@: flying
A: sickness immunity, fire resistance 2, cold vulnerability 1, float, innate
caster, hp casting, extra vitality 1
a: no special abilities


You were on level 4 of the Dungeon.
You visited 1 branch of the dungeon, and saw 4 of its levels.

You collected 164 gold pieces.

Inventory:

Missiles
 l - a throwing net
Armour
 a - a +0 robe (worn)
Jewellery
 c - a +6 ring of strength (left hand)
 f - a ring of resist corrosion
Scrolls
 b - 5 scrolls of identify {unknown}
 e - a scroll of immolation {unknown}
 g - 4 scrolls of fog
 h - a scroll of summoning {unknown}
 i - 2 scrolls of teleportation {unknown}
Potions
 d - 2 potions of haste {unknown}
 j - a potion of curing {unknown}
 k - a potion of degeneration {unknown}
 m - a potion of magic {unknown}


   Skills:
 + Level 0.0 Fighting
 - Level 2.1 Dodging
 - Level 1.5 Stealth
 * Level 4.8 Spellcasting


You couldn't memorise any spells.
You knew the following spells:

 Your Spells              Type           Power      Damage    Failure   Level
a - Foxfire               Conj/Fire      88%        2x1d8     1%          1
b - Scorch                Fire           44%        2d7       2%          2
c - Conjure Flame         Conj/Fire      22%        6-21      5%          3
d - Inner Flame           Hex/Fire       22%        N/A       5%          3
e - Flame Wave            Conj/Fire      22%        3d6       17%         4
f - Apportation           Tloc           44%        N/A       1%          1
g - Searing Ray           Conj           44%        2d6       2%          2
Your spell library was empty.

Dungeon Overview and Level Annotations

Branches:
Dungeon (4/15)
 Temple: D:4-7

Altars:
Cheibriados
Fedhas
Ru
Sif Muna
Trog
Xom


Innate Abilities, Weirdness & Mutations

You are immune to sickness and miasma.
You are immune to poison.
Your flesh is very heat resistant. (rF++)
You are vulnerable to cold. (rC-)
You float through the air rather than walking.
You learn spells naturally, not from books.
Your magical power is your life essence.
You have superior vitality. (+4 HP)


Message History

You now have 164 gold pieces (gained 8).
Found a book of Cantrips.
A wyvern comes into view.
A wyvern is nearby!
A wyvern is nearby!
The wyvern hisses angrily.
Casting: Foxfire (safe; 1% risk of failure)
Confirm with . or Enter, or press ? or * to list all spells.
You conjure some foxfire!
Press: ? - help, v - describe, . - travel
Here: a wyvern (ally target)
The floor.
As you read the scroll labelled WEUSIA PYARUPH, it crumbles to dust.
The scroll dissolves into smoke.
It was a scroll of fog.
The foxfire hits the wyvern.
The wyvern is moderately wounded.
The wyvern closely misses you. The wyvern barely misses you.
Casting: Foxfire (safe; 1% risk of failure)
Confirm with . or Enter, or press ? or * to list all spells.
Okay, then.
Casting: Foxfire (safe; 1% risk of failure)
Confirm with . or Enter, or press ? or * to list all spells.
Aiming: Searing Ray (safe; 2% risk of failure)
Press: ? - help, Shift-Dir - straight line, f - wyvern
Aim: a wyvern (grey smoke, moderately wounded, 78% to hit)
The searing ray hits the wyvern but does no damage.
The wyvern is moderately wounded. (Press . to maintain the ray.)
The wyvern closely misses you.
The searing ray misses the wyvern.
The wyvern misses you. The wyvern bites you.
The searing ray hits the wyvern.
The wyvern is heavily wounded.
The wyvern bites you.
The searing ray misses the wyvern.
You finish channelling your searing ray.
The wyvern barely misses you. The wyvern bites you!!
* * * LOW HITPOINT WARNING * * *
The wyvern bites you!
You die...

.:..#######.........##........#
......?..##.........#..........
......##..#......#.............
.......#..##.....#......#..#...
.... #...§§§§..........#..##..
... #..#§§§§........##...###.
#. ....###§§§§..........#.##..
# #.... #§§§§§§...#.....####..
....#...§§§l@.§......#...#...
..####.#§.§.§§...###.#..##).#
.. ######.§##..# ....#...#
#..###.## ....#..## #... #..
....#..#. ......... ...#.##.
.#.... #<##. ..##... .###..
......


You could see a wyvern.

Vanquished Creatures
  A necrophage (D:4)
  A hound skeleton (D:2)
  2 gnolls (D:4)
  3 adders
  2 dart slugs
  5 endoplasms
  7 goblins
  2 hobgoblins (D:1)
  2 jackals (D:3)
  2 quokkas
  A ball python (D:4)
  7 bats
  2 frilled lizards (D:1)
  3 rats
40 creatures vanquished.

Vanquished Creatures (collateral kills)
  A foxfire (D:1)
1 creature vanquished.

Vanquished Creatures (others)
  107 foxfires
107 creatures vanquished.

Grand Total: 148 creatures vanquished

Notes
Turn   | Place    | Note
-------+----------+-------------------------------------------
     0 | D:1      | Woods the Djinni Fire Elementalist began the quest for the
                  | Orb.
     0 | D:1      | Reached XP level 1. HP: 15/15 MP: 0/0
   220 | D:1      | Reached XP level 2. HP: 20/21 MP: 0/0
   537 | D:1      | Reached skill level 3 in Spellcasting
   953 | D:1      | Reached XP level 3. HP: 22/25 MP: 0/0
   953 | D:1      | Learned a level 1 spell: Apportation
  1528 | D:2      | Found a faded altar of an unknown god.
  1733 | D:3      | Reached XP level 4. HP: 30/31 MP: 0/0
  1988 | D:3      | Found a bloodstained altar of Trog.
  1991 | D:3      | Found a sacrificial altar of Ru.
  1991 | D:3      | Found a snail-covered altar of Cheibriados.
  1993 | D:3      | Found a shimmering altar of Xom.
  1994 | D:3      | Found a blossoming altar of Fedhas.
  2653 | D:4      | Reached skill level 4 in Spellcasting
  2916 | D:4      | Noticed a necrophage
  2931 | D:4      | Reached XP level 5. HP: 29/35 MP: 0/0
  2931 | D:4      | Learned a level 2 spell: Searing Ray
  2978 | D:4      | Killed a necrophage
  3138 | D:4      | Reached XP level 6. HP: 39/40 MP: 0/0
  3163 | D:4      | Noticed a wyvern
  3178 | D:4      | Mangled by a wyvern

Illustrated notes

Levels and vault maps discovered:
D:1:      dpeg_arrival_windows_large_door, layout_loops_corners,
          chequers_mini_garden, chequers_serial_rivers_micro_a,
          kennysheep_decorative_pillar
D:2:      layout_rooms, basic_ecumenical_altar
D:3:      layout_basic, grunt_temple_overflow_open, serial_glass,
          glass_columns_a, glass_columns_b, minmay_misc_feat_cross
D:4:      layout_cave_pools, minmay_crossroads

Skill      XL: |  1  2  3  4 |
---------------+-------------+-----
Spellcasting   | 3 4 |  4.8
Dodging        | |  2.1
Stealth        | |  1.5

Action                   |  1- 3 |  4- 6 || total
-------------------------+-------+-------++-------
Melee: Unarmed           |     1 |     5 ||     6
 Cast: Foxfire           |    32 |    34 ||    66
       Scorch            |     1 |     3 ||     4
       Conjure Flame     |       |     1 ||     1
       Searing Ray       |       |     3 ||     3
  Use: Scroll            |       |     1 ||     1
Armor: Robe              |     4 |       ||     4
Dodge: Dodged            |     9 |    13 ||    22

Table legend: (Time is in decaauts)
 A = Elapsed time spent in this place.
 B = Non-inter-level travel time spent in this place.
 C = Inter-level travel time spent in this place.
 D = Time resting spent in this place.
 E = Time spent auto-exploring this place.
 F = Levels seen in this place.
 G = Mean time per level.
                   A        B        C        D        E       F      G
               +--------+--------+--------+--------+--------+-----+--------+
         Total |   3177 |   3052 |    125 |    333 |   2320 |   4 |  794.2 |
       Dungeon |   3177 |   3052 |    125 |    333 |   2320 |   4 |  794.2 |
               +--------+--------+--------+--------+--------+-----+--------+

Top non-repeatable levels by time:
     D:1: 1231 daAuts
     D:3: 1147 daAuts
     D:2: 495 daAuts
     D:4: 303 daAuts
